 Dungeon Crawl Stone Soup version 0.29.0-4-gdea44cf6ec (webtiles) character file.

Game seed: 14790337177432101997

2 qw the Chopper (level 1, 0/12 HPs)
             Began as a Tengu Warper on Aug 28, 2022.
             Succumbed to a kobold's poison
             ... on level 1 of the Dungeon.
             The game lasted 00:00:00 (149 turns).

qw the Chopper (Tengu Warper)                        Turns: 149, Time: 00:00:00

Health: 0/12       AC:  3    Str: 11    XL:     1   Next: 40%
Magic:  4/4        EV: 11    Int: 13    God:
Gold:   0          SH:  0    Dex: 13    Spells: 4/4 levels left

rFire   . . .      SeeInvis .   a - +0 hand axe
rCold   . . .      Faith    .   (no shield)
rNeg    . . .      Spirit   .   b - +0 leather armour
rPois   .          Reflect  .   (helmet restricted)
rElec   .          Harm     .   (no cloak)
rCorr   .          Rampage  .   (no gloves)
Will    .....                   (boots unavailable)
Stlth   +.........              (no amulet)
HPRegen 0.04/turn               (no ring)
MPRegen 0.09/turn               (no ring)

@: lethally poisoned (0 -> -3)
A: beak, talons 3
a: no special abilities


You were on level 1 of the Dungeon.
You visited 1 branch of the dungeon, and saw 1 of its levels.


Innate Abilities, Weirdness & Mutations

You have a beak for a mouth.
You have claws for feet.


   Skills:
 - Level 2.0 Fighting
 + Level 2.5 Axes
 - Level 1.0 Throwing
 - Level 1.1 Armour
 - Level 2.1 Dodging
 - Level 2.0 Spellcasting
 - Level 2.4 Translocations


You had 4 spell levels left.
You didn't know any spells.
Your spell library contained the following spells:

 Spells                   Type           Power      Damage    Failure   Level
 Blink                    Tloc           14%        N/A       19%         2
 Gell's Gravitas          Tloc           7%         N/A       36%         3
 Lesser Beckoning         Tloc           7%         N/A       36%         3
 Teleport Other           Tloc           7%         N/A       36%         3
 Manifold Assault         Tloc           7%         N/A       98%         5

Inventory:

Hand Weapons
 a - a +0 hand axe (weapon)
 e - a +0 whip
Missiles
 d - 4 boomerangs of dispersal (quivered)
Armour
 b - a +0 leather armour (worn)
Scrolls
 c - a scroll of blinking

Dungeon Overview and Level Annotations

Branches:
Dungeon (1/15)

Altars:


Message History

You completely miss the giant cockroach.
You claw the giant cockroach, but do no damage.
Your peck misses the giant cockroach. The giant cockroach bites you.
You hit the giant cockroach but do no damage.
The giant cockroach bites you. The giant cockroach closely misses you.
You hit the giant cockroach.
You claw the giant cockroach, but do no damage.
The giant cockroach is almost dead.
The giant cockroach barely misses you.
You hit the giant cockroach.
You kill the giant cockroach!
You start resting.
HP restored.
e - a +0 whip You see here a book of Minor Magic.
There is a stone staircase leading down here.
A kobold comes into view. It is wielding a +1 dagger of venom.
The kobold shouts!
Enter note: You hit the kobold.
The kobold is heavily wounded.
The kobold hits you with a +1 dagger of venom.
You barely miss the kobold. Your peck misses the kobold.
The kobold is heavily wounded.
The kobold hits you with a +1 dagger of venom.
You are lethally poisoned!
You closely miss the kobold. You peck the kobold.
You kill the kobold!
You feel very sick.
There is a lethal amount of poison in your body!
You feel sick.
There is a lethal amount of poison in your body!
You feel sick.
There is a lethal amount of poison in your body!
You feel sick.
There is a lethal amount of poison in your body!
You feel sick.
There is a lethal amount of poison in your body!
You die...

#....##...##
.....##....#.........#
.....###...##....?...#
....###.....#........#
...## #..#..#........#
...# ##.####........#
...# #.(# #........#
...# ##..## #..).....#
.### #.#..######@# .#
#.#...##....# ##
#..#..##.##.# ##.#...#
#.# #.###.#.. #.# ##.#
....##.# #.## #...##.#
###.# #.# ##...# #.#


There were no monsters in sight!

Vanquished Creatures
  A giant cockroach (D:1)
  A kobold (D:1)
2 creatures vanquished.

Notes
Turn   | Place    | Note
-------+----------+-------------------------------------------
     0 | D:1      | qw the Tengu Warper began the quest for the Orb.
     0 | D:1      | Reached XP level 1. HP: 12/12 MP: 4/4
     0 | D:1      | 0 ||| qw: Version: 0.1-a-89-g26bdef1
     0 | D:1      | 0 ||| qw: Game counter: 631
     0 | D:1      | 0 ||| qw: Always use a shield: true
     0 | D:1      | 0 ||| qw: God list: Okawaru
     0 | D:1      | 0 ||| qw: Allow faded altars: false
     0 | D:1      | 0 ||| qw: Do Orc after D:15 true
     0 | D:1      | 0 ||| qw: Do second Lair branch before Depths: true
     0 | D:1      | 0 ||| qw: Lair rune preference: random
     0 | D:1      | 0 ||| qw: Plans: Normal
     0 | D:1      | 0 ||| PLANNING D:1-11
   146 | D:1      | HP: 2/12 [poisoned by a kobold]
   149 | D:1      | Succumbed to a kobold's poison

Levels and vault maps discovered:
D:1:      dpeg_arrival_arbitrary_a, layout_rooms

Action                   || total
-------------------------++-------
Melee: Hand axe          ||     9
       Kick              ||     2
       Peck              ||     1
Throw: Boomerang         ||     3
Armor: Leather armour    ||     1
Dodge: Dodged            ||     4

Table legend:
 A = Non-vault XP
 B = Vault XP
 C = Vault XP percentage of total XP
 D = Non-vault monster count
 E = Vault monster count
 F = Vault count percentage of total count
                 A         B        C        D         E       F
            +---------+---------+-------+---------+---------+-------
      Total |       4 |       0 |   0.0 |       2 |       0 |   0.0
            +---------+---------+-------+---------+---------+-------
        D:1 |       4 |       0 |   0.0 |       2 |       0 |   0.0
            +---------+---------+-------+---------+---------+-------
